PUBA
MOTLEY CRUE @ CAPE MAY MARINERS
09/05/1972
 
TOP OF THE 1ST
Motley Crue batting - Pitching for Cape May Mariners : RHP Don Stanhouse
Pitching: RHP Don Stanhouse
Batting: RHB Denny Jackson 0-0: Swinging Strike
0-1: Foul Ball, location: 7LSF
0-2: Fly out, F2 (Popup, 23F, EV 83.8 MPH)
Batting: LHB Diego San Agustin 0-0: Ball
1-0: Ball
2-0: Ground out U3 (Groundball, 13, EV 76.9 MPH)
Batting: RHB Joe St. John 0-0: Ball
1-0: Ball
2-0: Called Strike
2-1: Ground out 5-3 (Groundball, 5L, EV 103.8 MPH)
Top of the 1st over - 0 runs, 0 hits, 0 errors, 0 left on base; Motley 0 - Cape May 0
BOTTOM OF THE 1ST
Cape May Mariners batting - Pitching for Motley Crue : RHP John Malone
Pitching: RHP John Malone
Batting: RHB Henry Riley 0-0: Fly out, F8 (Line Drive, 8LS, EV 93.8 MPH)
Batting: SHB William Johnston 0-0: Swinging Strike
0-1: Fly out, F7 (Line Drive, 7, EV 103.8 MPH)
Batting: SHB Chester Roberts 0-0: Swinging Strike
0-1: Ball
1-1: Ball
2-1: Swinging Strike
2-2: Ground out 6-3 (Groundball, 6MD, EV 98.8 MPH)
Bottom of the 1st over - 0 runs, 0 hits, 0 errors, 0 left on base; Motley 0 - Cape May 0
TOP OF THE 2ND
Motley Crue batting - Pitching for Cape May Mariners : RHP Don Stanhouse
Batting: RHB Richie Zisk 0-0: Ball
1-0: Foul Ball, location: 2F
1-1: Ball
2-1: Fly out, F9 (Flyball, 89D, EV 98.1 MPH)
Batting: RHB Mike Anderson 0-0: Called Strike
0-1: SOLO HOME RUN (Flyball, 7LD, EV 97.5 MPH), Distance : 369 ft
Batting: RHB Jason Jordan 0-0: Called Strike
0-1: Fly out, F9 (Flyball, 9, EV 94.4 MPH)
Batting: RHB Ed MacGregor 0-0: Ball
1-0: Swinging Strike
1-1: Foul Ball, location: 9LMF
1-2: Strikes out swinging
Top of the 2nd over - 1 run, 1 hit, 0 errors, 0 left on base; Motley 1 - Cape May 0
BOTTOM OF THE 2ND
Cape May Mariners batting - Pitching for Motley Crue : RHP John Malone
Batting: LHB Gary Thomasson 0-0: Called Strike
0-1: Ball
1-1: Foul Ball, location: 5FF
1-2: Fly out, F8 (Flyball, 8LD, EV 101.9 MPH)
Batting: RHB Jake Summers 0-0: Foul Ball, location: 9LMF
0-1: Swinging Strike
0-2: Foul Ball, location: 9LSF
0-2: Ball
1-2: Ground out 1-3 (Groundball, 13S, EV 66.9 MPH)
Batting: RHB José Núñez 0-0: Foul Ball, location: 2F
0-1: SINGLE (Groundball, 6MD, EV 96.3 MPH)
Batting: RHB Juan Ramírez 0-0: Fly out, F8 (Flyball, 8RD, EV 101.9 MPH)
Bottom of the 2nd over - 0 runs, 1 hit, 0 errors, 1 left on base; Motley 1 - Cape May 0
TOP OF THE 3RD
Motley Crue batting - Pitching for Cape May Mariners : RHP Don Stanhouse
Batting: RHB Mike Taylor 0-0: Called Strike
0-1: Foul Ball, location: 3FF
0-2: Ball
1-2: Fly out, F8 (Flyball, 8LD, EV 81.9 MPH)
Batting: RHB Mike Ivie 0-0: Ball
1-0: Ball
2-0: Foul Ball, location: 2F
2-1: Ground out 6-3 (Groundball, 6, EV 86.3 MPH)
Batting: RHB Denny Jackson 0-0: Ball
1-0: Called Strike
1-1: Foul Ball, location: 9LMF
1-2: Ground out 3-1 (Groundball, 13, EV 89.4 MPH)
Top of the 3rd over - 0 runs, 0 hits, 0 errors, 0 left on base; Motley 1 - Cape May 0
BOTTOM OF THE 3RD
Cape May Mariners batting - Pitching for Motley Crue : RHP John Malone
Batting: LHB Sean Winder 0-0: Called Strike
0-1: Ball
1-1: Ball
2-1: Foul Ball, location: 2F
2-2: Foul Ball, location: 2F
2-2: Ball
3-2: Base on Balls
Batting: RHB Claudio Ruíz 0-0: Called Strike
Sean Winder steals 2nd base
0-1: Ball
1-1: Ball
2-1: Ball
3-1: Ground out 6-3 (Groundball, 6, EV 102.5 MPH)
Batting: RHB Henry Riley 0-0: Foul Ball, location: 7LDF
0-1: Ball
1-1: Swinging Strike
1-2: Ball
2-2: Foul Ball, location: 2F
2-2: Ball
3-2: Base on Balls
Batting: SHB William Johnston 0-0: Ball
1-0: Ball
2-0: Foul Ball, location: 2RF
2-1: Foul Ball, location: 2F
2-2: Ball
3-2: Strikes out looking
Batting: SHB Chester Roberts 0-0: Ball
1-0: Ball
2-0: Called Strike
2-1: Ground out 4-3 (Groundball, 4, EV 110.0 MPH)
Bottom of the 3rd over - 0 runs, 0 hits, 0 errors, 2 left on base; Motley 1 - Cape May 0
TOP OF THE 4TH
Motley Crue batting - Pitching for Cape May Mariners : RHP Don Stanhouse
Batting: LHB Diego San Agustin 0-0: Ball
1-0: Called Strike
1-1: Ball
2-1: Foul Ball, location: 5SF
2-2: Ground out U3 (Groundball, 3L, EV 83.8 MPH)
Batting: RHB Joe St. John 0-0: Ground out 6-3 (Groundball, 6, EV 78.1 MPH)
Batting: RHB Richie Zisk 0-0: Called Strike
0-1: Ball
1-1: DOUBLE (Flyball, 8LXD, EV 86.9 MPH)
Batting: RHB Mike Anderson 0-0: DOUBLE (Groundball, 5L, EV 106.3 MPH)
Richie Zisk scores
Batting: RHB Jason Jordan 0-0: Foul Ball, location: 25F
0-1: Fly out, F7 (Flyball, 7D, EV 88.1 MPH)
Top of the 4th over - 1 run, 2 hits, 0 errors, 1 left on base; Motley 2 - Cape May 0
BOTTOM OF THE 4TH
Cape May Mariners batting - Pitching for Motley Crue : RHP John Malone
Batting: LHB Gary Thomasson 0-0: Foul Ball, location: 9LMFF
0-1: Ball
1-1: Swinging Strike
1-2: Strikes out swinging, 2-3 out at first.
Batting: RHB Jake Summers 0-0: Called Strike
0-1: Ball
1-1: Ball
2-1: Ground out 6-3 (Groundball, 6, EV 85.0 MPH)
Batting: RHB José Núñez 0-0: Ground out U3 (Groundball, 3S, EV 71.3 MPH)
Bottom of the 4th over - 0 runs, 0 hits, 0 errors, 0 left on base; Motley 2 - Cape May 0
TOP OF THE 5TH
Motley Crue batting - Pitching for Cape May Mariners : RHP Don Stanhouse
Batting: RHB Ed MacGregor 0-0: Called Strike
0-1: Foul Ball, location: 7LSF
0-2: Ball
1-2: Strikes out swinging, 2-3 out at first.
Batting: RHB Mike Taylor 0-0: Called Strike
0-1: Called Strike
0-2: Ball
1-2: Foul Ball, location: 3DF
1-2: Ball
2-2: Ball
3-2: Fly out, F7 (Flyball, 7LS, EV 85.6 MPH)
Batting: RHB Mike Ivie 0-0: Ball
1-0: Ball
2-0: Ball
3-0: Called Strike
3-1: Foul Ball, location: 2F
3-2: Strikes out swinging
Top of the 5th over - 0 runs, 0 hits, 0 errors, 0 left on base; Motley 2 - Cape May 0
BOTTOM OF THE 5TH
Cape May Mariners batting - Pitching for Motley Crue : RHP John Malone
Batting: RHB Juan Ramírez 0-0: Ball
1-0: Ball
2-0: Swinging Strike
2-1: Ground out 6-3 (Groundball, 6, EV 87.5 MPH)
Batting: LHB Sean Winder 0-0: SINGLE (Groundball, 6MD, EV 103.8 MPH)
Batting: RHB Claudio Ruíz 0-0: Ball
1-0: Foul Ball, location: 25F
1-1: Foul Ball, location: 3F
1-2: Ball
2-2: Strikes out swinging
Batting: RHB Henry Riley 0-0: Ball
Wild Pitch!
Sean Winder to second
1-0: Ball
2-0: Ball
3-0: Base on Balls
Batting: SHB William Johnston 0-0: Swinging Strike
0-1: Ball
1-1: Called Strike
1-2: Ball
2-2: SINGLE (Line Drive, 7S, EV 97.5 MPH)
Sean Winder to third
Henry Riley to second
Runner from 3rd tries for Home, SAFE, throw by LF to home
Batting: SHB Chester Roberts 0-0: Ball
1-0: Ball
2-0: Foul Ball, location: 7LMF
2-1: Ball
3-1: SINGLE (Groundball, 34D, EV 106.3 MPH)
Henry Riley to third
William Johnston to second
Runner from 3rd tries for Home, SAFE, throw by RF to home
Batting: LHB Gary Thomasson 0-0: Ball
1-0: Foul Ball, location: 3FF
1-1: Ball
2-1: Foul Ball, location: 2F
2-2: Foul Ball, location: 2LF
2-2: Ball
3-2: Base on Balls
William Johnston to third
Chester Roberts to second
Batting: RHB Jake Summers 0-0: Ground out 6-3 (Groundball, 56, EV 66.9 MPH)
Bottom of the 5th over - 2 runs, 3 hits, 0 errors, 3 left on base; Motley 2 - Cape May 2
TOP OF THE 6TH
Motley Crue batting - Pitching for Cape May Mariners : RHP Don Stanhouse
Batting: RHB Denny Jackson 0-0: SINGLE (Flyball, 8LS, EV 87.5 MPH)
Batting: LHB Diego San Agustin 0-0: Sac Bunt to 13S - play at first, batter OUT! 1-3
Denny Jackson to second
Batting: RHB Joe St. John 0-0: Ball
1-0: Ball
2-0: Foul Ball, location: 9LDF
2-1: Foul Ball, location: 9LDF
2-2: Strikes out looking
Batting: RHB Richie Zisk 0-0: Swinging Strike
0-1: Swinging Strike
0-2: Foul Ball, location: 9LMF
0-2: Ball
1-2: Strikes out swinging
Top of the 6th over - 0 runs, 1 hit, 0 errors, 1 left on base; Motley 2 - Cape May 2
BOTTOM OF THE 6TH
Cape May Mariners batting - Pitching for Motley Crue : RHP John Malone
Batting: RHB José Núñez 0-0: Ball
1-0: Swinging Strike
1-1: Ball
2-1: Ground out 4-3 (Groundball, 4, EV 103.1 MPH)
Batting: RHB Juan Ramírez 0-0: Ball
1-0: SINGLE (Flyball, 4D, EV 88.8 MPH)
Batting: LHB Sean Winder 0-0: Ball
1-0: SINGLE (Line Drive, 7LM, EV 103.8 MPH)
Juan Ramírez to second
Batting: RHB Claudio Ruíz 0-0: Ball
1-0: Grounds into double play, 4-6-3 (Groundball, 4, EV 92.5 MPH)
Bottom of the 6th over - 0 runs, 2 hits, 0 errors, 1 left on base; Motley 2 - Cape May 2
TOP OF THE 7TH
Motley Crue batting - Pitching for Cape May Mariners : RHP Don Stanhouse
Batting: RHB Mike Anderson 0-0: Foul Ball, location: 2F
0-1: Fly out, F8 (Flyball, 8RM, EV 91.3 MPH)
Batting: RHB Jason Jordan 0-0: Ball
1-0: Ground out U3 (Groundball, 34, EV 91.9 MPH)
Batting: RHB Ed MacGregor 0-0: Ball
1-0: Ground out 6-3 (Groundball, 6, EV 85.0 MPH)
Top of the 7th over - 0 runs, 0 hits, 0 errors, 0 left on base; Motley 2 - Cape May 2
BOTTOM OF THE 7TH
Cape May Mariners batting - Pitching for Motley Crue : RHP John Malone
Batting: RHB Henry Riley 0-0: Ball
1-0: Called Strike
1-1: Ball
2-1: Foul Ball, location: 5DF
2-2: Reaches on Catchers interference
Batting: SHB William Johnston 0-0: Called Strike
Henry Riley steals 2nd base
0-1: Fly out, F7 (Line Drive, 7, EV 96.9 MPH)
Batting: SHB Chester Roberts 0-0: Fly out, F9 (Flyball, 9LMF, EV 88.8 MPH)
Throwing error, E9
Henry Riley scores
Batting: LHB Gary Thomasson 0-0: Foul Ball, location: 2F
0-1: Ball
1-1: Ball
2-1: Swinging Strike
2-2: Strikes out looking
Bottom of the 7th over - 1 run, 0 hits, 2 errors, 0 left on base; Motley 2 - Cape May 3
TOP OF THE 8TH
Motley Crue batting - Pitching for Cape May Mariners : RHP Don Stanhouse
Pinch Hitting: LHB Fred Henson 0-0: Ball
1-0: Ball
2-0: Ground out 4-3 (Groundball, 34D, EV 96.9 MPH)
Batting: RHB Mike Ivie 0-0: Foul Ball, location: 2F
0-1: Ground out 6-3 (Groundball, 6, EV 83.1 MPH)
Batting: RHB Denny Jackson 0-0: Ball
1-0: Ball
2-0: Called Strike
2-1: Ball
3-1: Base on Balls
Pitching: RHP Buzz Capra
Batting: LHB Diego San Agustin 0-0: Swinging Strike
0-1: Foul Ball, location: 7LSF
0-2: Ball
1-2: Foul Ball, location: 2F
1-2: Foul Ball, location: 3FF
1-2: Strikes out swinging
Top of the 8th over - 0 runs, 0 hits, 0 errors, 1 left on base; Motley 2 - Cape May 3
BOTTOM OF THE 8TH
Cape May Mariners batting - Pitching for Motley Crue : RHP John Malone
Now at 3B: Ted Martinez
Batting: RHB Jake Summers 0-0: Ball
1-0: Swinging Strike
1-1: Swinging Strike
1-2: Ball
2-2: SINGLE (Groundball, 6S, EV 72.5 MPH) (infield hit)
Pitching: RHP José Ramírez
Batting: RHB José Núñez 0-0: Bunted foul
0-1: Called Strike
0-2: Ball
Jake Summers is caught stealing 2nd base 2-4
1-2: Foul Ball, location: 9LMF
1-2: Ball
2-2: Strikes out looking
Batting: RHB Juan Ramírez 0-0: SINGLE (Line Drive, 9S, EV 81.3 MPH)
Batting: LHB Sean Winder 0-0: Ball
1-0: Ball
2-0: SINGLE (Line Drive, 7S, EV 104.4 MPH)
Juan Ramírez to second
Pinch Hitting: LHB Harry Lee 0-0: Called Strike
0-1: Ball
1-1: Ball
2-1: Foul Ball, location: 2RF
2-2: SINGLE (Groundball, 34D, EV 111.3 MPH)
Juan Ramírez to third
Sean Winder to second
Runner from 3rd tries for Home, SAFE, throw by RF to home
Batting: RHB Henry Riley 0-0: Ball
1-0: Ball
2-0: Foul Ball, location: 5SF
2-1: Called Strike
2-2: Foul Ball, location: 9LSF
2-2: Strikes out swinging
Bottom of the 8th over - 1 run, 4 hits, 0 errors, 2 left on base; Motley 2 - Cape May 4
TOP OF THE 9TH
Motley Crue batting - Pitching for Cape May Mariners : RHP Buzz Capra
Now at 1B: Pat Bourque
Now at 3B: David Steele
Batting: RHB Joe St. John 0-0: Swinging Strike
0-1: Fly out, F8 (Flyball, 8RXD, EV 107.5 MPH)
Batting: RHB Richie Zisk 0-0: Fly out, F4 (Popup, 4, EV 60.0 MPH)
Batting: RHB Mike Anderson 0-0: Ball
1-0: Foul Ball, location: 9LDF
1-1: Called Strike
1-2: Ball
2-2: Ground out 6-3 (Groundball, 6D, EV 97.5 MPH)
Top of the 9th over - 0 runs, 0 hits, 0 errors, 0 left on base; Motley 2 - Cape May 4
Thursday, May 2nd , 2024 - OOTP Baseball 24.8 Build 75